 Dungeon Crawl Stone Soup version 0.24.1-8-ga250c9d538 (webtiles) character file.

Game seed: 13699655887577439023, levelgen mode: deterministic

821 Hugehornet the Insei (level 7, -1/43 HPs)
             Began as an Octopode Transmuter on May 5, 2020.
             Was a Believer of Cheibriados.
             Slain by a gnoll
             ... wielding a +0 spear
              (11 damage)
             ... on level 5 of the Dungeon.
             The game lasted 00:17:09 (5062 turns).

Hugehornet the Insei (Octopode Transmuter)          Turns: 5062, Time: 00:17:10

Health: -1/43      AC:  2    Str: 14    XL:     7   Next: 95%
Magic:  0/11       EV: 20    Int: 23    God:    Cheibriados [**....]
Gold:   250        SH:  0    Dex: 22    Spells: 1/11 levels left

rFire    . . .     SeeInvis .     - Unarmed
rCold    . . .     Gourm    .   (shield currently unavailable)
rNeg     . . .     Faith    .   (helmet currently unavailable)
rPois    x         Spirit   .   (no amulet)
rElec    .         Reflect  .   (no ring)
rCorr    .         Harm     .   (no ring)
MR       .....                  (no ring)
Stlth    +++.......             (no ring)
HPRegen  0.14/turn              (no ring)
MPRegen  0.12/turn              (no ring)
                                (no ring)
                                (no ring)

@: spider-form, very slow
A: tiny, almost no armour, stealthy swim, (amphibious), 8 rings, (constrict 8),
sense surroundings 1, evolution 1
a: End Transformation, Bend Time, Renounce Religion


You were on level 5 of the Dungeon.
You worshipped Cheibriados.
Cheibriados was pleased with you.
You were hungry.
You were a venomous arachnid creature.
You visited 1 branch of the dungeon, and saw 5 of its levels.
You also visited: Sewer.

You collected 250 gold pieces.

Inventory:

Missiles
 a - 67 arrows
Armour
 m - a +1 hat (melded)
Wands
 h - a wand of polymorph (9)
 u - a wand of paralysis (10)
Scrolls
 b - 5 scrolls of enchant armour
 e - a scroll of fear
 g - 3 scrolls of remove curse
 j - a scroll of identify
 l - a scroll of amnesia
 q - 6 scrolls of teleportation
 t - a scroll of random uselessness {unknown}
Potions
 d - 5 potions of flight
 f - 2 potions of might
 i - a potion of curing
 n - a potion of invisibility
 o - 2 potions of magic
 r - 2 potions of agility
Comestibles
 c - 10 rations


   Skills:
 - Level 1.0 Fighting
 - Level 2.0 Dodging
 + Level 2.7 Stealth
 * Level 6.4 Unarmed Combat
 + Level 2.7 Spellcasting
 - Level 5.1 Transmutations
 + Level 1.5 Ice Magic
 - Level 1.0 Poison Magic
 + Level 1.9 Invocations


You had one spell level left.
You knew the following spells:

 Your Spells              Type           Power        Failure   Level  Hunger
a - Beastly Appendage     Tmut           ####..       6%          1    None
b - Sticks to Snakes      Tmut           ####....     9%          2    ##.....
c - Spider Form           Tmut/Pois      ###.......   24%         3    ###....
d - Ice Form              Ice/Tmut       ###.....     52%         4    ####...

Your spell library contained the following spells:

 Spells                   Type           Power        Failure   Level  Hunger
 Blade Hands              Tmut           ####......   58%         5    ######.


Dungeon Overview and Level Annotations

Branches:
Dungeon (5/15)             Temple (0/1) D:5           Sewer (visited)

Altars:
Cheibriados
Dithmenos
Makhleb
The Shining One


Innate Abilities, Weirdness & Mutations

You cannot wear most types of armour.
You are very stealthy in the water. (Stealth+)
((You are amphibious.))
You can wear up to eight rings at the same time.
((You can use your tentacles to constrict eight enemies at once.))
((Your skin changes colour to match your surroundings (Stealth+).))
((Your rubbery body absorbs attacks. (AC +1, EV +1)))
You passively map a small area around you.
You evolve.


Message History

There is a staircase to the Ecumenical Temple here.
Casting: Sticks to Snakes (safe; 2% risk of failure)
Confirm with . or Enter, or press ? or * to list all spells.
You turn into a venomous arachnid creature.
Your +1 hat melds into your body.
You are feeling hungry.
The gnoll hits you from afar with a +0 spear!
* * * LOW HITPOINT WARNING * * *
Your ball python bites the gnoll.
Your ball python grabs the gnoll.
Your ball python constricts the gnoll.
Your ball python bites the gnoll.
Your ball python constricts the gnoll.
The gnoll misses you.
You hit the gnoll.
The gnoll is poisoned.
The gnoll is moderately wounded.
Your ball python bites the gnoll.
Your ball python constricts the gnoll.
The gnoll hits your ball python with a +0 spear!
Your ball python dies!
You hit the gnoll.
The gnoll looks as sick as possible!
The gnoll is almost dead.
The gnoll hits you with a +0 spear!
You die...

......# # #.......#..# #.# #...
......# .#...#...#..#.###.####...
......##.#..##...##..............
..<........##.....##..###.####...
..........##..#.#..##..##.#......
.............##.##...............
###.#.###...##...##....##.#.#####
....#..........>.g.....##.#......
#####..#....##..s##.....#.#######
.............##.##....#.#.# #.
.#######..##..#.#..##.#...# #.
#.....##.....# ..##..# #. *
#......##...##..###..######.
#.......#...#..# #.>).g.)).
#.....#........# #########.
#.....#........# #...
#..............#, #...


You could see a gnoll.

Vanquished Creatures
  A hungry ghost (D:5)
  A sky beast (D:5)
  An ogre (D:4)
  A scorpion (D:4)
  A crimson imp (D:5)
  2 hounds (D:4)
  2 worker ants
  3 gnolls (D:5)
  14 adders
  A shadow imp (D:5)
  6 oozes
  8 worms
  4 dart slugs
  2 leopard geckos
  An orc (D:4)
  17 bats
  3 giant cockroaches
  10 goblins
  4 hobgoblins
  8 jackals
  A quokka (D:2)
  2 ball pythons (Sewer)
  4 frilled lizards
  3 kobolds (D:2)
  A leopard gecko skeleton (D:4)
  11 rats
112 creatures vanquished.

Vanquished Creatures (collateral kills)
  3 gnolls (D:5)
3 creatures vanquished.

Grand Total: 115 creatures vanquished

Notes
Turn   | Place    | Note
-------+----------+-------------------------------------------
     0 | D:1      | Hugehornet the Octopode Transmuter began the quest for the
                  | Orb.
     0 | D:1      | Reached XP level 1. HP: 13/13 MP: 3/3
    82 | D:1      | Reached XP level 2. HP: 12/18 MP: 3/5
   228 | D:1      | Learned a level 2 spell: Sticks to Snakes
   628 | D:1      | Reached XP level 3. HP: 19/23 MP: 4/6
   633 | D:1      | Learned a level 3 spell: Spider Form
  1091 | D:2      | Found a burning altar of Makhleb.
  1394 | D:2      | Reached XP level 4. HP: 28/28 MP: 5/7
  1429 | D:2      | Reached skill level 1 in Poison Magic
  1667 | D:2      | Found a shadowy altar of Dithmenos.
  1984 | D:2      | Found a glowing golden altar of the Shining One.
  2098 | D:3      | Found a snail-covered altar of Cheibriados.
  2111 | D:3      | Became a worshipper of Cheibriados the Contemplative
  2151 | D:3      | Reached XP level 5. HP: 30/33 MP: 8/8
  2185 | D:3      | Reached skill level 4 in Unarmed Combat
  2310 | D:3      | Found a glowing drain.
  2325 | Sewer    | Entered a sewer
  2336 | Sewer    | Reached * piety under Cheibriados
  3779 | D:4      | Noticed an ogre
  3794 | D:4      | Reached XP level 6. HP: 32/38 MP: 9/9
  3850 | D:4      | Reached skill level 5 in Transmutations
  3898 | D:4      | Reached skill level 5 in Unarmed Combat
  3977 | D:4      | Reached ** piety under Cheibriados
  4101 | D:4      | Reached XP level 7. HP: 43/43 MP: 6/10
  4107 | D:4      | Reached skill level 1 in Stealth
  4204 | D:4      | Learned a level 4 spell: Ice Form
  4301 | D:4      | Gained mutation: You passively map a small area around you.
                  | [potion of mutation]
  4301 | D:4      | Gained mutation: You evolve. [potion of mutation]
  4530 | D:5      | Entered Level 5 of the Dungeon
  4666 | D:5      | Reached skill level 1 in Invocations
  4674 | D:5      | Found a staircase to the Ecumenical Temple.
  4719 | D:5      | Reached skill level 6 in Unarmed Combat
  4719 | D:5      | Reached skill level 1 in Ice Magic
  4918 | D:5      | Noticed a hungry ghost
  4929 | D:5      | Killed a hungry ghost
  5062 | D:5      | Slain by a gnoll

Levels and vault maps discovered:
D:1:      minmay_arrival_stair_chambers, layout_basic
D:2:      layout_basic, nicolae_tso_swordbearing_angel, lemuel_doored_altar,
          first_ration, nicolae_dithmenos_through_a_glass_darkly
D:3:      layout_rooms, kennysheep_slug_shrine, cheibrodos_sewer_entry_bend
D:4:      layout_basic, serial_bayou_pond_d
D:5:      layout_basic, minmay_temple_entry_waves, lightli_minifort

Skill      XL: |  1  2  3  4  5  6  7 |
---------------+----------------------+-----
Transmutations | 3 4 5 |  5.1
Poison Magic   | 1 |  1.0
Unarmed Combat | 4 5 6 |  6.4
Stealth        | 2 |  2.7
Invocations    | 1 |  1.9
Ice Magic      | 1 |  1.5
Fighting       | |  1.0
Dodging        | |  2.0
Spellcasting   | |  2.7

Action                   |  1- 3 |  4- 6 |  7- 9 || total
-------------------------+-------+-------+-------++-------
Melee: Unarmed           |    64 |   170 |    50 ||   284
       Constrict         |    23 |    38 |     7 ||    68
       Kick              |    14 |    43 |     8 ||    65
       Tentacles         |    10 |    31 |     6 ||    47
       Punch             |     1 |     3 |     1 ||     5
 Cast: Beastly Appendage |    22 |    30 |     8 ||    60
       Spider Form       |       |     4 |     5 ||     9
       Sticks to Snakes  |       |       |     8 ||     8
 Abil: End Transformatio |       |       |     1 ||     1
  Use: Potion            |     1 |     1 |     2 ||     4
       Scroll            |       |    11 |     4 ||    15
 Stab: Sleeping          |     6 |     7 |     2 ||    15
  Eat: Chunk             |     2 |     6 |     4 ||    12
Armor: Skin              |     5 |    19 |     2 ||    26
Dodge: Dodged            |    36 |   123 |    39 ||   198
